 Dungeon Crawl Stone Soup version 0.17-a0-957-ga3519be (webtiles) character file.

331 Zwobot the Skirmisher (level 6, -2/51 HPs)
             Began as a Formicid Arcane Marksman on May 7, 2015.
             Was a Follower of Zin.
             Slain by an orc priest
             ... wielding a +0 short sword
              (3 damage)
             ... on level 4 of the Dungeon.
             The game lasted 00:12:55 (3430 turns).

Zwobot the Skirmisher (Formicid Arcane Marksman)    Turns: 3430, Time: 00:12:55

Health: -2/51      AC:  3    Str: 16    XL:     6   Next: 82%
Magic:  7/7        EV: 11    Int: 13    God:    Zin [*.....]
Gold:   142        SH:  3    Dex: 11    Spells: 1 memorised, 6 levels left

rFire  . . .     SeeInvis +     D - +2 trident (venom)
rCold  . . .     Clarity  .     k - +0 leather armour
rNeg   . . .     SustAb   .     e - +0 buckler
rPois  .         Gourm    .     (helmet unavailable)
rElec  .         Spirit   .     (no cloak)
rCorr  .         Warding  .     (no gloves)
rMut   .         Stasis   +     (no boots)
MR     .....                    (no amulet)
Stlth  ++........               (no ring)
                                (no ring)

@: short of breath, not resistant to hostile enchantments, unstealthy
A: permanent stasis, dig shafts and tunnels, four strong arms, antennae 3
a: Dig, Shaft Self, Recite, Renounce Religion


You were on level 4 of the Dungeon.
You worshipped Zin.
Zin was aware of your devotion.
You were not hungry.

You visited 1 branch of the dungeon, and saw 4 of its levels.

You collected 157 gold pieces.
You donated 15 gold pieces to Zin.

Inventory:

Hand weapons
 a - a +0 quarterstaff
 b - a +0 hand crossbow
 n - a cursed -1 hand axe
 p - a cursed -2 dagger
 u - a +0 dagger
 z - a +0 short sword
 D - a +2 trident of venom (weapon)
Missiles
 c - 24 bolts
 g - 50 stones (quivered)
 l - 40 sling bullets
 m - 12 poisoned needles
Armour
 e - a +0 buckler (worn)
 f - a +0 robe
 h - a +0 scale mail
 k - a +0 leather armour (worn)
Jewellery
 y - an uncursed ring of positive energy {unknown}
Scrolls
 i - a scroll of noise {unknown}
 o - a scroll of amnesia {unknown}
 r - 3 scrolls of identify
 t - a scroll of teleportation {unknown}
 w - 2 scrolls of immolation {unknown}
 x - a scroll of random uselessness {unknown}
 A - a scroll of remove curse
Potions
 q - a potion of brilliance
 v - 2 potions of flight {unknown}
Books
 d - a book of Debilitation

   Spells                             Type                      Level
   a - Corona                         Hexes                        1
   b - Slow                           Hexes                        2
   c - Gell's Gravitas                Hexes/Translocation          3
   d - Inner Flame                    Hexes/Fire                   3
   e - Cause Fear                     Hexes                        4
   f - Leda's Liquefaction            Hexes/Earth                  4
Comestibles
 s - a meat ration
 B - a slice of pizza
 C - a royal jelly


   Skills:
 - Level 5.0 Fighting
 - Level 0.8 Short Blades
 * Level 2.8 Staves
 - Level 2.1 Crossbows
 - Level 1.9 Dodging
 + Level 2.5 Stealth
 - Level 1.1 Spellcasting
 - Level 4.0 Hexes


You had 6 spell levels left.
You knew the following spells:

 Your Spells              Type           Power        Failure   Level  Hunger
a - Corona                Hex            ##.....      14%         1    ##.....


Dungeon Overview and Level Annotations

Branches:
Dungeon (4/15)
 Temple: D:4-7

Altars:
Dithmenos
Gozag
Nemelex Xobeh
Okawaru
Zin


Innate Abilities, Weirdness & Mutations

You are under a permanent stasis effect.
You can dig through walls and to a lower floor.
Your four strong arms can wield two-handed weapons with a shield.
You have a pair of large antennae on your head (SInv).


Message History

Press: ? - help, Dir - move target cursor, f/p - orc priest
Aim: an orc priest, wielding a short sword and wearing a leather armour The orc wizard is in the way.
You hit the orc wizard.
The orc wizard looks even sicker.
The orc wizard is heavily wounded.
The orc priest mumbles some strange prayers to Beogh against you.
Something smites you!
* * * LOW HITPOINT WARNING * * *
The orc wizard casts a spell at you. The magic dart hits you!
* * * LOW HITPOINT WARNING * * *
Use which ability? (? or * to list)
Okay, then.
Unknown command.
You hit the orc wizard but do no damage.
The orc wizard looks even sicker.
The orc wizard is heavily wounded.
You kill the orc wizard!
The orc priest hits you with a short sword.
You die...

#..# #.## #.###
#..# #.#.. ##{##
#.#.# #.{# #.#.#
#o.# #.#.# #..#
#.#.# #..# #.#.#
#..####.#@#
##.#....#o######
##...###)......#
#....# #######.#
#....# #.#.##
#...>########
#.....##.........#
#..... #........[#


You could see an orc priest.

Vanquished Creatures
  A hound (D:4)
  Natasha (thrice) (D:2)
  3 orc wizards
  4 gnolls (D:3)
  7 adders
  An ooze (D:1)
  An adder skeleton (D:3)
  2 worms
  8 orcs (D:3)
  3 ball pythons
  A giant cockroach (D:3)
  8 goblins
  9 hobgoblins
  2 jackals
  9 kobolds
  7 bats
  2 giant geckos (D:2)
  2 giant newts (D:1)
  2 quokkas (D:3)
  7 rats
82 creatures vanquished.

Notes
Turn   | Place    | Note
--------------------------------------------------------------
     0 | D:1      | Zwobot, the Formicid Arcane Marksman, began the quest for the Orb.
     0 | D:1      | Reached XP level 1. HP: 15/15 MP: 2/2
   303 | D:1      | Reached skill level 4 in Hexes
   303 | D:1      | Reached XP level 2. HP: 21/21 MP: 3/3
   517 | D:1      | Reached XP level 3. HP: 27/27 MP: 4/4
   787 | D:1      | Found a sparkling altar of Nemelex Xobeh.
  1336 | D:2      | Noticed Natasha
  1340 | D:2      | Killed Natasha
  1340 | D:2      | Reached XP level 4. HP: 29/37 MP: 5/5
  1569 | D:2      | Found a glowing silver altar of Zin.
  1575 | D:2      | Became a worshipper of Zin the Law-Giver
  1687 | D:2      | Found an opulent altar of Gozag.
  1772 | D:2      | Acquired Zin's first power
  1807 | D:2      | Noticed Natasha
  1810 | D:2      | Killed Natasha
  1810 | D:2      | Reached XP level 5. HP: 41/43 MP: 6/6
  1880 | D:2      | Noticed Natasha
  1882 | D:2      | Killed Natasha
  2058 | D:3      | Reached skill level 1 in Stealth
  2328 | D:3      | Reached skill level 5 in Fighting
  2329 | D:3      | Found a shadowy altar of Dithmenos.
  2329 | D:3      | Found an iron altar of Okawaru.
  2397 | D:3      | Acquired Zin's second power
  2628 | D:3      | Reached XP level 6. HP: 25/51 MP: 7/7
  2643 | D:3      | Reached skill level 1 in Staves
  3429 | D:4      | HP: 1/51 [orc wizard/magic dart (7)]
  3430 | D:4      | Slain by an orc priest

Action                   |  1- 3 |  4- 6 || total
-------------------------+-------+-------++-------
Melee: Dagger            |     6 |    28 ||    34
       Quarterstaff      |       |    52 ||    52
       Short sword       |       |     4 ||     4
       Trident           |       |    23 ||    23
 Fire: Hand crossbow     |    66 |    59 ||   125
Invok: Recite            |       |     3 ||     3
       Vitalisation      |       |     1 ||     1
 Abil: Dig               |       |     1 ||     1
  Use: Scroll            |     2 |     2 ||     4
       Potion            |       |     1 ||     1
  Eat: Chunk             |     1 |     1 ||     2
       Bread ration      |       |     1 ||     1
       Royal jelly       |       |     1 ||     1
